Map: Magannatha LE

Players

IIIIIIIIIIII

  • Race: Protoss Protoss
  • League: Diamond
  • Spawn Location: 5:00

KimChiLoVer - Winner!

  • Race: Terran Terran
  • League: Diamond
  • Spawn Location: 11:00

VOD

Have the link to the VOD?

Description

Time

  • Played on: Aug. 29, 2025, 3:53 p.m.
  • Length: 7:46
Show
View Real Time Build Order
Export as new Build Order

IIIIIIIIIIII Protoss 

Build Orders: 1 Gate Expand, Phoenix Opening, Blink Stalkers 

Get SALT Encoding   

  12  0:01  Probe  
  13  0:13  Probe  
  14  0:18  Pylon  
  14  0:25  Probe  
  15  0:33  Probe  
  15  0:36  Gateway  
  16  0:44  Assimilator, Probe  
  17  0:56  Probe  
  18  1:08  Probe  
  19  1:23  Cybernetics Core  
  19  1:33  Nexus  
  19  1:37  Probe  
  20  1:45  Assimilator  
  20  1:50  Pylon  
  20  1:51  Adept  
  20  1:52  Probe  
  21  1:55  Warp Gate  
  23  2:08  Probe  
  24  2:20  Probe  
  25  2:25  Gateway, Sentry  
  27  2:32  Probe  
  28  2:40  Shield Battery  
  28  2:44  Probe  
  29  2:51  Adept  
  29  2:56  Probe  
  32  2:59  Twilight Council  
  32  3:02  Phoenix  
  32  3:17  Blink  
  32  3:30  Probe  
  33  3:34  Robotics Facility  
  33  3:37  Pylon  
  33  3:42  Probe  
  33  3:45  Probe  
  35  3:54  Stalker  
  37  3:57  Probe  
  37  3:58  Shield Battery  
  37  4:02  Stalker  
  40  4:09  Probe  
  41  4:10  Gateway  
  41  4:19  Shield Battery  
  41  4:21  Probe  
  41  4:23  Pylon  
  42  4:26  Stalker  
  44  4:37  Assimilator  
  44  4:38  Observer  
  45  4:47  Robotics Bay  
  45  4:50  Gateway, Probe x2  
  47  4:54  Assimilator  
  47  4:59  Stalker  
  49  5:02  Probe x2  
  51  5:14  Probe x2  
  53  5:23  Shield Battery  
  53  5:24  Stalker x3  
  56  6:08  Pylon  
  56  6:10  Pylon  
  54  6:11  Pylon  
  54  6:12  Pylon  
  54  6:18  Probe  
  45  6:22  Stalker x2  
  46  6:27  Stalker x2  
  43  6:45  Stalker x2  
  45  7:00  Stalker x2  
  51  7:14  Stalker x2  
  51  7:24  Stalker  
Show
View Real Time Build Order
Export as new Build Order

KimChiLoVer Terran - Winner!

Build Orders: Cyclone Opening 

Get SALT Encoding   

  12  0:00  SCV  
  13  0:14  SCV  
  13  0:17  Supply Depot  
  14  0:26  SCV  
  15  0:39  SCV  
  15  0:40  Barracks  
  16  0:46  Refinery  
  16  0:51  SCV  
  16  0:53  Refinery  
  17  1:03  Supply Depot  
  17  1:08  SCV  
  18  1:20  SCV  
  19  1:28  Reaper  
  20  1:32  Orbital Command  
  20  1:46  Factory  
  20  2:00  Marine  
  20  2:01  SCV  
  22  2:13  SCV  
  23  2:22  Barracks Reactor  
  23  2:29  Command Center  
  23  2:30  Starport  
  23  2:33  Factory Tech Lab  
  23  2:53  Cyclone  
  23  2:54  SCV  
  27  3:00  Supply Depot  
  27  3:01  Marine x2  
  29  3:06  SCV  
  30  3:28  Marine x2  
  30  3:30  Medivac  
  34  3:35  SCV  
  34  3:40  Barracks  
  35  3:46  Marine x2  
  35  3:47  SCV  
  38  3:56  Siege Tank  
  38  3:59  SCV, Orbital Command  
  42  4:04  Viking  
  42  4:06  Marine  
  45  4:14  Supply Depot  
  45  4:21  Marine  
  46  4:26  Marine  
  46  4:28  Siege Tank, SCV  
  51  4:39  Marine  
  51  4:41  Marine  
  51  4:44  Marine  
  54  4:47  Viking  
  56  4:56  Marine  
  56  4:59  Marine  
  58  5:01  Marine  
  59  5:14  Marine  
  59  5:17  Marine  
  59  5:19  Marine  
  62  5:44  Marine x3  
  62  6:07  Supply Depot x2  
  62  6:12  Marine  
  62  6:13  Viking  
  62  6:14  Siege Tank, Marine x2  
  66  6:30  Marine  
  66  6:32  Marine x2  
  67  6:46  Siege Tank  
  69  6:48  Marine  
  69  6:49  Marine x2  
  71  7:07  Marine  
  68  7:24  Marine x2  
  68  7:25  Marine  
Tags
 
Add a new tag
Caveats
  • Supply blocks, unpowered buildings, or Contaminate may cause inaccurate times.
  • Supply counts are checked every 10 seconds.